 Dungeon Crawl Stone Soup version 0.31-a0-232-gb1c03b2570 (webtiles) character file.

Game seed: 12137551919187771531

28 qw the Shooter (level 3, -3/21 HPs)
             Began as a Gargoyle Hexslinger on July 7, 2023.
             Slain by a worm (10 damage)
             ... on level 2 of the Dungeon.
             The game lasted 00:00:15 (508 turns).

qw the Shooter (Gargoyle Hexslinger)                 Turns: 508, Time: 00:00:16

Health: -3/21      AC:  5    Str: 11    XL:     3   Next: 12%
Magic:  4/4        EV: 12    Int: 13    God:
Gold:   13         SH:  0    Dex: 14    Spells: 3/4 levels left

rFire   . . .        Y - +2 sling
rCold   . . .        (no shield)
rNeg    + . .        c - +0 robe
rPois   inf          (no helmet)
rElec   +            (no cloak)
rCorr   .            (no gloves)
SInv    .            (no boots)
Will    .....        (no amulet)
Stlth   +            (no ring)
HPRegen 0.23/turn    (no ring)
MPRegen 0.09/turn

%: no passive effects
@: no status effects
A: sickness immunity, AC +3, negative energy resistance 1, electricity
resistance, torment resistance 1, petrification resistance
a: no special abilities


You were on level 2 of the Dungeon.
You visited 1 branch of the dungeon, and saw 2 of its levels.

You collected 13 gold pieces.


Innate Abilities, Weirdness & Mutations

You are immune to sickness and miasma.
Your stone body is resilient. (AC +3)
You are immune to poison.
You resist negative energy. (rN+)
You are resistant to electric shocks. (rElec)
You are resistant to unholy torment.
You are immune to petrification.


   Skills:
 - Level 2.1 Fighting
 + Level 3.0 Ranged Weapons
 - Level 1.5 Dodging
 - Level 1.0 Spellcasting
 - Level 2.6 Hexes


You had 3 spell levels left.
You knew the following spells:

 Your Spells              Type           Power      Damage    Failure   Level
a - Slow                  Hex            28%        N/A       10%         1

Your spell library contained the following spells:

 Spells                   Type           Power      Damage    Failure   Level
 Inner Flame              Hex/Fire       4%         N/A       43%         3
 Portal Projectile        Hex/Tloc       8%         N/A       43%         3
 Cause Fear               Hex            3%         N/A       67%         4

Inventory:

Hand Weapons
 Y - a +2 sling (weapon)
Armour
 c - a +0 robe (worn)
Scrolls
 d - a scroll of identify {unknown}
Potions
 a - a potion of attraction {unknown}
 b - a potion of curing {unknown}
 f - 2 potions of enlightenment {unknown}
 h - a potion of cancellation {unknown}

Dungeon Overview and Level Annotations

Branches:
Dungeon (2/15)

Altars:


Message History

The worm is moderately wounded.
A frilled lizard comes into view.
You shoot a sling bullet. The sling bullet hits the worm.
The worm is heavily wounded.
You shoot a sling bullet. The sling bullet hits the adder.
The adder is lightly wounded.
The adder misses you. The adder bites you but does no damage.
You shoot a sling bullet. The sling bullet hits the adder!
The adder is severely wounded.
The adder barely misses you. The adder bites you.
You shoot a sling bullet. The sling bullet hits the adder!
You kill the adder!
Your Fighting skill increases to level 2!
You have reached level 3!
Your experience leads to an increase in your attributes!
Increase (S)trength, (I)ntelligence, or (D)exterity?
You feel agile. x2
You shoot a sling bullet.
The sling bullet barely misses the worm.
The worm barely misses you.
You shoot a sling bullet. The sling bullet hits the worm.
The worm is heavily wounded.
You shoot a sling bullet.
The sling bullet hits the worm but does no damage.
The worm is heavily wounded.
The worm closely misses you.
You shoot a sling bullet.
The sling bullet barely misses the worm.
The sling bullet hits the frilled lizard.
You kill the frilled lizard!
The worm bites you!
You shoot a sling bullet. The sling bullet hits the worm.
The worm is moderately wounded.
The worm bites you!
You shoot a sling bullet. The sling bullet hits the worm.
The worm is heavily wounded.
You shoot a sling bullet. The sling bullet hits the worm.
The worm is almost dead.
The worm bites you!
You die...

########... #........#
### #........#####<.
#..............?
#.........#####.
#.........# #.
#........## #.
..)######........#######
.......@.............>.
...##.#w#+####.#####..#
....%. #.# ..#.....$ #<#
.. #......% ### #
#.?...... #.)......[
#.........#


You could see a worm.

Vanquished Creatures
  An adder (D:2)
  A worm (D:2)
  2 ball pythons (D:1)
  A bat (D:2)
  An endoplasm (D:1)
  2 giant cockroaches (D:1)
  A goblin (D:1)
  A hobgoblin (D:1)
  A quokka (D:1)
  A frilled lizard (D:2)
  A kobold (D:1)
  2 rats (D:1)
15 creatures vanquished.

Notes
Turn   | Place    | Note
-------+----------+-------------------------------------------
     0 | D:1      | qw the Gargoyle Hexslinger began the quest for the Orb.
     0 | D:1      | Reached XP level 1. HP: 12/12 MP: 2/2
     0 | D:1      | 0 ||| qw: Version: 0.3-a-46-gb1f654a
     0 | D:1      | 0 ||| qw: Game counter: 2726
     0 | D:1      | 0 ||| qw: Melee chars always use a shield: true
     0 | D:1      | 0 ||| qw: God list: Okawaru
     0 | D:1      | 0 ||| qw: Allow faded altars: false
     0 | D:1      | 0 ||| qw: Do Orc after clearing Dungeon:15 true
     0 | D:1      | 0 ||| qw: Do second Lair branch before Depths: true
     0 | D:1      | 0 ||| qw: Lair rune preference: random
     0 | D:1      | 0 ||| qw: Goals: Normal
     0 | D:1      | 0 ||| PLANNING D:1-11
     9 | D:1      | You fall into a shaft and drop 1 floor!
    10 | D:2      | 10 ||| DROPPING scroll of poison.
   153 | D:1      | Reached XP level 2. HP: 16/16 MP: 3/3
   322 | D:1      | Reached skill level 3 in Ranged Weapons
   457 | D:1      | 457 ||| READING scroll labelled CUHUOVVUQO.
   458 | D:1      | 458 ||| READING scroll labelled XUPIOH YGATZAE.
   459 | D:1      | 459 ||| READING scroll labelled VYXUAF HUNUNYS.
   502 | D:2      | Reached XP level 3. HP: 21/21 MP: 4/4
   508 | D:2      | Slain by a worm

Levels and vault maps discovered:
D:1:      dpeg_arrival_simpleton_a, layout_rooms, corexii_leaking_fountain
D:2:      layout_basic

Skill      XL: |  1  2 |
---------------+-------+-----
Ranged Weapons | 3 |  3.0
Fighting       | 2 |  2.1
Dodging        | |  1.5
Spellcasting   | |  1.0
Hexes          | |  2.6

Action                     || total
---------------------------++-------
   Fire: Sling             ||    66
    Use: Scroll            ||     3
 Armour: Robe              ||     8
  Dodge: Dodged            ||    20

Table legend:
 A = Non-vault XP
 B = Vault XP
 C = Vault XP percentage of total XP
 D = Non-vault monster count
 E = Vault monster count
 F = Vault count percentage of total count
                 A         B        C        D         E       F
            +---------+---------+-------+---------+---------+-------
      Total |      40 |       0 |   0.0 |      15 |       0 |   0.0
            +---------+---------+-------+---------+---------+-------
        D:1 |      19 |       0 |   0.0 |      11 |       0 |   0.0
        D:2 |      21 |       0 |   0.0 |       4 |       0 |   0.0
            +---------+---------+-------+---------+---------+-------
